TOP OF THE 1ST |
Rome Braves batting - Pitching for West Virginia Black Bears : LHP Grady Hebert
|
Pitching: LHP Grady Hebert
|
|
Batting: RHB Rafael Reyes
|
0-0: Foul Ball, location: 2F 0-1: Foul Ball, location: 2F 0-2: Foul Ball, location: 2F 0-2: Fly out, F8 (Flyball, 8LM, EV 86.2 MPH)
|
Batting: RHB Chris Trites
|
0-0: Swinging Strike 0-1: Ball 1-1: Ball 2-1: Ball 3-1: Swinging Strike 3-2: Strikes out swinging
|
Batting: LHB Ricardo Sandoval
|
0-0: Ball 1-0: Foul Ball, location: 2F 1-1: Ball 2-1: SINGLE (Groundball, 56, EV 100.0 MPH)
|
Batting: RHB Costantino Dolfini
|
0-0: Ball Ricardo Sandoval steals 2nd base 1-0: Foul Ball, location: 2F 1-1: Ball 2-1: Foul Ball, location: 2F 2-2: Foul Ball, location: 2F 2-2: Foul Ball, location: 2F 2-2: Strikes out swinging
|
Top of the 1st over - 0 runs, 1 hit, 0 errors, 1 left on base; Rome 0 - West Virginia 0 |
BOTTOM OF THE 1ST |
West Virginia Black Bears batting - Pitching for Rome Braves : RHP Gabe Fillmore
|
Pitching: RHP Gabe Fillmore
|
|
Batting: RHB Perry Dominey
|
0-0: Ball 1-0: Ball 2-0: Ball 3-0: Called Strike 3-1: Foul Ball, location: 2F 3-2: Base on Balls
|
Batting: LHB Norm Silveira-Wray
|
0-0: Called Strike Perry Dominey is caught stealing 2nd base 2-6 0-1: Swinging Strike 0-2: Fly out, F9 (Flyball, 9D, EV 100.6 MPH)
|
Batting: RHB Alain Marquet
|
0-0: Ball 1-0: Swinging Strike 1-1: Foul Ball, location: 2F 1-2: Foul Ball, location: 2F 1-2: Ball 2-2: Foul Ball, location: 2F 2-2: Fly out, F8 (Flyball, 8LM, EV 87.5 MPH)
|
Bottom of the 1st over - 0 runs, 0 hits, 0 errors, 0 left on base; Rome 0 - West Virginia 0 |
TOP OF THE 2ND |
Rome Braves batting - Pitching for West Virginia Black Bears : LHP Grady Hebert
|
Batting: SHB Karl Starnes
|
0-0: Swinging Strike 0-1: Ground out 1-3 (Groundball, 15S, EV 68.8 MPH)
|
Batting: RHB Gebre-Giorgios Wangondu
|
0-0: Called Strike 0-1: Ball 1-1: Fly out, F3 (Popup, 3F, EV 73.1 MPH)
|
Batting: RHB Tony Cabrera
|
0-0: Foul Ball, location: 2F 0-1: SINGLE (Groundball, 56S, EV 70.0 MPH) (infield hit)
|
Batting: RHB Alex Campos
|
0-0: Called Strike 0-1: Called Strike Tony Cabrera steals 2nd base 0-2: Foul Ball, location: 2F 0-2: Strikes out swinging
|
Top of the 2nd over - 0 runs, 1 hit, 0 errors, 1 left on base; Rome 0 - West Virginia 0 |
BOTTOM OF THE 2ND |
West Virginia Black Bears batting - Pitching for Rome Braves : RHP Gabe Fillmore
|
Batting: RHB Jaime Dubicki
|
0-0: Ball 1-0: Called Strike 1-1: Foul Ball, location: 2F 1-2: Foul Ball, location: 2F 1-2: SINGLE (Groundball, 3D, EV 104.4 MPH)
|
Batting: LHB Dustin Herman
|
0-0: DOUBLE (Line Drive, 89D, EV 101.9 MPH) Jaime Dubicki to third Runner from 3rd tries for Home, throw by RF and OUT! 9-2
|
Batting: LHB Randy Boone
|
0-0: Ball 1-0: SINGLE (Line Drive, 89S, EV 108.8 MPH) Dustin Herman to third Runner from 3rd tries for Home, SAFE, throw by CF to home
|
Batting: RHB Seung-mun Kim
|
0-0: Called Strike Randy Boone steals 2nd base 0-1: Foul Ball, location: 2F 0-2: Strikes out swinging
|
Batting: RHB John DeVillier
|
0-0: Called Strike 0-1: Swinging Strike 0-2: Ball 1-2: SINGLE (Line Drive, 8LS, EV 95.6 MPH) Randy Boone to third Runner from 3rd tries for Home, SAFE, throw by CF to home
|
Batting: RHB Terrence Wilson
|
0-0: Ball 1-0: Swinging Strike 1-1: Swinging Strike 1-2: Ball 2-2: Ball 3-2: TRIPLE (Flyball, 89XD, EV 107.5 MPH) John DeVillier scores
|
Batting: RHB Perry Dominey
|
0-0: Called Strike 0-1: Foul Ball, location: 2F 0-2: Ball 1-2: SINGLE (Groundball, P, EV 82.5 MPH) (infield hit) Terrence Wilson scores
|
Batting: LHB Norm Silveira-Wray
|
0-0: Called Strike Perry Dominey steals 2nd base 0-1: Ground out 4-3 (Groundball, 4, EV 93.1 MPH)
|
Bottom of the 2nd over - 4 runs, 6 hits, 0 errors, 1 left on base; Rome 0 - West Virginia 4 |
TOP OF THE 3RD |
Rome Braves batting - Pitching for West Virginia Black Bears : LHP Grady Hebert
|
Batting: RHB Mike Bergin
|
0-0: Ball 1-0: Ball 2-0: Ball 3-0: Called Strike 3-1: Base on Balls
|
Batting: RHB Rafael Reyes
|
0-0: Swinging Strike 0-1: Ball 1-1: Grounds into double play, 4-6-3 (Groundball, 4, EV 89.4 MPH)
|
Batting: RHB Chris Trites
|
0-0: Swinging Strike 0-1: Called Strike 0-2: Ball 1-2: Ball 2-2: Strikes out swinging
|
Top of the 3rd over - 0 runs, 0 hits, 0 errors, 0 left on base; Rome 0 - West Virginia 4 |
BOTTOM OF THE 3RD |
West Virginia Black Bears batting - Pitching for Rome Braves : RHP Gabe Fillmore
|
Batting: RHB Alain Marquet
|
0-0: Called Strike 0-1: Ball 1-1: Ball 2-1: Ball 3-1: Foul Ball, location: 2F 3-2: Foul Ball, location: 2F 3-2: Foul Ball, location: 2F 3-2: Base on Balls
|
Batting: RHB Jaime Dubicki
|
0-0: DOUBLE (Groundball, 5L, EV 101.9 MPH) Alain Marquet to third
|
Batting: LHB Dustin Herman
|
0-0: SINGLE (Groundball, 4MS, EV 70.6 MPH) (infield hit) Alain Marquet scores Jaime Dubicki to third
|
Batting: LHB Randy Boone
|
0-0: Foul Ball, location: 2F 0-1: Ball 1-1: TRIPLE (Line Drive, 7LD, EV 105.0 MPH) Jaime Dubicki scores Dustin Herman scores
|
Pitching: RHP Armando Padron
|
|
Batting: RHB Seung-mun Kim
|
0-0: SINGLE (Line Drive, 8RS, EV 93.1 MPH) Randy Boone scores
|
Batting: RHB John DeVillier
|
0-0: Ball 1-0: Ball 2-0: Foul Ball, location: 2F 2-1: Fielders Choice at 2nd, 6-4 (Groundball, 6S, EV 85.0 MPH)
|
Batting: RHB Terrence Wilson
|
0-0: Ball 1-0: Foul Ball, location: 2F 1-1: Ball 2-1: Grounds into double play, 5-4-3 (Groundball, 56S, EV 81.9 MPH)
|
Bottom of the 3rd over - 4 runs, 4 hits, 0 errors, 0 left on base; Rome 0 - West Virginia 8 |
TOP OF THE 4TH |
Rome Braves batting - Pitching for West Virginia Black Bears : LHP Grady Hebert
|
Batting: LHB Ricardo Sandoval
|
0-0: Called Strike 0-1: Ball 1-1: Ball 2-1: Ball 3-1: Base on Balls
|
Batting: RHB Costantino Dolfini
|
0-0: Called Strike Ricardo Sandoval steals 2nd base 0-1: Ball Passed Ball! Ricardo Sandoval to third 1-1: Ball 2-1: Called Strike 2-2: Ball 3-2: DOUBLE (Groundball, 5L, EV 94.4 MPH) Ricardo Sandoval scores
|
Batting: SHB Karl Starnes
|
0-0: Ball 1-0: Ground out 5-3 (Groundball, 56S, EV 68.1 MPH) Costantino Dolfini to third
|
Batting: RHB Gebre-Giorgios Wangondu
|
0-0: Ball 1-0: Ball 2-0: Called Strike 2-1: Foul Ball, location: 2F 2-2: Foul Ball, location: 2F 2-2: SINGLE (Line Drive, 34, EV 102.5 MPH) Costantino Dolfini scores
|
Batting: RHB Tony Cabrera
|
0-0: Ball 1-0: Called Strike Gebre-Giorgios Wangondu steals 2nd, throwing error, E2 Gebre-Giorgios Wangondu to third 1-1: Called Strike 1-2: Strikes out swinging
|
Batting: RHB Alex Campos
|
0-0: Called Strike 0-1: SINGLE (Groundball, 6D, EV 103.8 MPH) Gebre-Giorgios Wangondu scores
|
Batting: RHB Mike Bergin
|
0-0: Ball 1-0: Swinging Strike 1-1: Called Strike 1-2: Foul Ball, location: 2F 1-2: Foul Ball, location: 2F 1-2: Strikes out looking
|
Top of the 4th over - 3 runs, 3 hits, 1 error, 1 left on base; Rome 3 - West Virginia 8 |
BOTTOM OF THE 4TH |
West Virginia Black Bears batting - Pitching for Rome Braves : RHP Armando Padron
|
Batting: RHB Perry Dominey
|
0-0: Ball 1-0: Fly out, F9 (Flyball, 89M, EV 93.1 MPH)
|
Batting: LHB Norm Silveira-Wray
|
0-0: Called Strike 0-1: Called Strike 0-2: Strikes out swinging
|
Batting: RHB Alain Marquet
|
0-0: Ball 1-0: DOUBLE (Flyball, 89XD, EV 101.9 MPH)
|
Batting: RHB Jaime Dubicki
|
0-0: Called Strike 0-1: Hit by Pitch
|
Batting: LHB Dustin Herman
|
0-0: Called Strike 0-1: Ball 1-1: Called Strike 1-2: Foul Ball, location: 2F 1-2: Ball 2-2: SINGLE (Line Drive, 4MD, EV 106.2 MPH) Alain Marquet to third Jaime Dubicki to second Runner from 3rd tries for Home, SAFE, throw by CF to home
|
Batting: LHB Randy Boone
|
0-0: Ball 1-0: Ball 2-0: SINGLE (Line Drive, 6M, EV 94.4 MPH) Jaime Dubicki to third Dustin Herman to second
|
Batting: RHB Seung-mun Kim
|
0-0: Ball 1-0: Ball 2-0: Called Strike 2-1: Ground out 1-3 (Groundball, 13S, EV 62.5 MPH)
|
Bottom of the 4th over - 1 run, 3 hits, 0 errors, 3 left on base; Rome 3 - West Virginia 9 |
TOP OF THE 5TH |
Rome Braves batting - Pitching for West Virginia Black Bears : LHP Grady Hebert
|
Batting: RHB Rafael Reyes
|
0-0: Called Strike 0-1: Ball 1-1: Ball 2-1: Ball 3-1: Base on Balls
|
Batting: RHB Chris Trites
|
0-0: Called Strike 0-1: Ball 1-1: Swinging Strike 1-2: Fly out, F7 (Line Drive, 7S, EV 94.4 MPH)
|
Batting: LHB Ricardo Sandoval
|
0-0: Ball 1-0: Fly out, F7 (Flyball, 78M, EV 96.9 MPH)
|
Batting: RHB Costantino Dolfini
|
0-0: Called Strike 0-1: Ball 1-1: Ball 2-1: Called Strike Rafael Reyes is caught stealing 2nd base 2-4
|
Top of the 5th over - 0 runs, 0 hits, 0 errors, 0 left on base; Rome 3 - West Virginia 9 |
BOTTOM OF THE 5TH |
West Virginia Black Bears batting - Pitching for Rome Braves : RHP Armando Padron
|
Batting: RHB John DeVillier
|
0-0: Foul Ball, location: 2F 0-1: Ball 1-1: Ball 2-1: Ball 3-1: Base on Balls
|
Batting: RHB Terrence Wilson
|
0-0: Fielders Choice at 2nd, 4-6 (Groundball, 4MD, EV 86.2 MPH)
|
Batting: RHB Perry Dominey
|
0-0: Ball Terrence Wilson steals 2nd base 1-0: Called Strike 1-1: Fly out, F8 (Flyball, 8LD, EV 103.1 MPH)
|
Batting: LHB Norm Silveira-Wray
|
0-0: Called Strike 0-1: Ball 1-1: Ball 2-1: Hit by Pitch
|
Batting: RHB Alain Marquet
|
0-0: Called Strike 0-1: Called Strike 0-2: Ball 1-2: 3-RUN HOME RUN (Flyball, 7D, EV 97.5 MPH), Distance : 404 ft
|
Pitching: RHP Jimmy Loudner
|
|
Batting: RHB Jaime Dubicki
|
0-0: Ball 1-0: Ball 2-0: Foul Ball, location: 2F 2-1: Foul Ball, location: 2F 2-2: Ball 3-2: Base on Balls
|
Batting: LHB Dustin Herman
|
0-0: Called Strike 0-1: Ball 1-1: Foul Ball, location: 2F 1-2: Ball 2-2: Foul Ball, location: 2F 2-2: Foul Ball, location: 2F 2-2: Strikes out looking
|
Bottom of the 5th over - 3 runs, 1 hit, 0 errors, 1 left on base; Rome 3 - West Virginia 12 |
TOP OF THE 6TH |
Rome Braves batting - Pitching for West Virginia Black Bears : LHP Grady Hebert
|
Pitching: LHP Juan Villegas
|
|
Batting: RHB Costantino Dolfini
|
0-0: Ball 1-0: Foul Ball, location: 2F 1-1: Ball 2-1: Ball 3-1: Called Strike 3-2: Strikes out swinging
|
Batting: SHB Karl Starnes
|
0-0: Called Strike 0-1: Foul Ball, location: 2F 0-2: Ball 1-2: Foul Ball, location: 2F 1-2: Foul Ball, location: 2F 1-2: Foul Ball, location: 2F 1-2: Foul Ball, location: 2F 1-2: Ball 2-2: Foul Ball, location: 2F 2-2: Fly out, F9 (Flyball, 9D, EV 97.5 MPH)
|
Batting: RHB Gebre-Giorgios Wangondu
|
0-0: Called Strike 0-1: Ball 1-1: Ball 2-1: Ball 3-1: Reached on error, E5 (Groundball, 56, EV 106.9 MPH)
|
Batting: RHB Tony Cabrera
|
0-0: Ball 1-0: Foul Ball, location: 2F 1-1: Called Strike 1-2: Ball Wild Pitch! Gebre-Giorgios Wangondu to third 2-2: Strikes out swinging
|
Top of the 6th over - 0 runs, 0 hits, 1 error, 1 left on base; Rome 3 - West Virginia 12 |
BOTTOM OF THE 6TH |
West Virginia Black Bears batting - Pitching for Rome Braves : RHP Jimmy Loudner
|
Batting: LHB Randy Boone
|
0-0: Ball 1-0: Ball 2-0: Foul Ball, location: 2F 2-1: Ball 3-1: Base on Balls
|
Batting: RHB Seung-mun Kim
|
0-0: Ball 1-0: Called Strike 1-1: Called Strike 1-2: Ball 2-2: Strikes out swinging
|
Batting: RHB John DeVillier
|
0-0: Foul Ball, location: 2F 0-1: Called Strike 0-2: Ball 1-2: Foul Ball, location: 2F 1-2: Ball 2-2: Strikes out swinging
|
Batting: RHB Terrence Wilson
|
0-0: Foul Ball, location: 2F 0-1: Ball 1-1: Ball 2-1: Foul Ball, location: 2F 2-2: Ball 3-2: Strikes out swinging
|
Bottom of the 6th over - 0 runs, 0 hits, 0 errors, 1 left on base; Rome 3 - West Virginia 12 |
TOP OF THE 7TH |
Rome Braves batting - Pitching for West Virginia Black Bears : LHP Juan Villegas
|
Batting: RHB Alex Campos
|
0-0: Ball 1-0: Called Strike 1-1: Foul Ball, location: 2F 1-2: Ball 2-2: Ball 3-2: Fly out, F7 (Flyball, 7D, EV 99.4 MPH)
|
Batting: RHB Mike Bergin
|
0-0: Ball 1-0: Called Strike 1-1: Ball 2-1: Foul Ball, location: 2F 2-2: Foul Ball, location: 2F 2-2: Foul Ball, location: 2F 2-2: Ball 3-2: Base on Balls
|
Pitching: RHP Mike West
|
|
Batting: RHB Rafael Reyes
|
0-0: Fielders Choice at 2nd, 4-6 (Groundball, 4S, EV 81.9 MPH)
|
Batting: RHB Chris Trites
|
0-0: Ball Rafael Reyes steals 2nd base (no throw) 1-0: Ball 2-0: Ball 3-0: Called Strike 3-1: Swinging Strike 3-2: Base on Balls
|
Batting: LHB Ricardo Sandoval
|
0-0: Foul Ball, location: 2F 0-1: Ball Wild Pitch! Rafael Reyes to third Chris Trites to second 1-1: Foul Ball, location: 2F 1-2: Strikes out swinging
|
Top of the 7th over - 0 runs, 0 hits, 0 errors, 2 left on base; Rome 3 - West Virginia 12 |
BOTTOM OF THE 7TH |
West Virginia Black Bears batting - Pitching for Rome Braves : RHP Jimmy Loudner
|
Batting: RHB Perry Dominey
|
0-0: Ball 1-0: Swinging Strike 1-1: Fly out, F8 (Flyball, 8RXD, EV 109.4 MPH)
|
Batting: LHB Norm Silveira-Wray
|
0-0: Ball 1-0: Called Strike 1-1: Foul Ball, location: 2F 1-2: Foul Ball, location: 2F 1-2: Strikes out swinging
|
Pinch Hitting: RHB Tim Moore
|
0-0: Ball 1-0: Called Strike 1-1: Foul Ball, location: 2F 1-2: SINGLE (Popup, 3D, EV 76.2 MPH)
|
Batting: RHB Jaime Dubicki
|
0-0: Ball Wild Pitch! Tim Moore to second 1-0: Ball 2-0: Ball 3-0: Ground out 6-3 (Groundball, 6, EV 83.1 MPH)
|
Bottom of the 7th over - 0 runs, 1 hit, 0 errors, 1 left on base; Rome 3 - West Virginia 12 |
TOP OF THE 8TH |
Rome Braves batting - Pitching for West Virginia Black Bears : RHP Mike West
|
Now at 3B: Tim Moore
|
|
Now at SS: John DeVillier
|
|
Pinch Hitting: RHB Dave Pizarro
|
0-0: Ball 1-0: Ball 2-0: Ball 3-0: Base on Balls
|
Batting: SHB Karl Starnes
|
0-0: Ball 1-0: Ball 2-0: Fielders Choice at 2nd, 5-4 (Groundball, 56S, EV 83.8 MPH)
|
Pinch Hitting: LHB Tamaichi Sasada
|
0-0: Foul Ball, location: 2F 0-1: Ball 1-1: Foul Ball, location: 2F 1-2: Foul Ball, location: 2F 1-2: Ball Wild Pitch! Karl Starnes to second 2-2: Ball 3-2: Foul Ball, location: 2F 3-2: Strikes out swinging
|
Batting: RHB Tony Cabrera
|
0-0: Called Strike 0-1: Foul Ball, location: 2F 0-2: Strikes out swinging
|
Top of the 8th over - 0 runs, 0 hits, 0 errors, 1 left on base; Rome 3 - West Virginia 12 |
BOTTOM OF THE 8TH |
West Virginia Black Bears batting - Pitching for Rome Braves : RHP Jimmy Loudner
|
Pitching: RHP Bobby Feig
|
|
Now in LF: Manny Hensley
|
|
Now in RF: Dave Pizarro
|
|
Batting: LHB Dustin Herman
|
0-0: Ball 1-0: Called Strike 1-1: Foul Ball, location: 2F 1-2: Ground out 6-3 (Groundball, 6, EV 83.8 MPH)
|
Batting: LHB Randy Boone
|
0-0: Ball 1-0: Foul Ball, location: 2F 1-1: Ground out 3-1 (Groundball, 34S, EV 85.6 MPH)
|
Batting: RHB Seung-mun Kim
|
0-0: Foul Ball, location: 2F 0-1: Ball 1-1: Called Strike 1-2: Ball 2-2: Ball 3-2: Foul Ball, location: 2F 3-2: Foul Ball, location: 2F 3-2: Foul Ball, location: 2F 3-2: Foul Ball, location: 2F 3-2: Strikes out swinging
|
Bottom of the 8th over - 0 runs, 0 hits, 0 errors, 0 left on base; Rome 3 - West Virginia 12 |
TOP OF THE 9TH |
Rome Braves batting - Pitching for West Virginia Black Bears : RHP Mike West
|
Pitching: RHP Hitoshi Yoshihara
|
|
Batting: RHB Alex Campos
|
0-0: Called Strike 0-1: Swinging Strike 0-2: Foul Ball, location: 2F 0-2: Ground out 4-3 (Groundball, 4, EV 80.0 MPH)
|
Batting: RHB Mike Bergin
|
0-0: Ball 1-0: Ball 2-0: SINGLE (Groundball, P, EV 80.6 MPH) (infield hit)
|
Batting: RHB Rafael Reyes
|
0-0: DOUBLE (Line Drive, 78D, EV 107.5 MPH) Mike Bergin to third
|
Batting: RHB Chris Trites
|
0-0: Ball 1-0: Ground out 4-3 (Groundball, 4, EV 85.0 MPH) Mike Bergin scores Rafael Reyes to third
|
Batting: LHB Ricardo Sandoval
|
0-0: SINGLE (Line Drive, 8LS, EV 97.5 MPH) Rafael Reyes scores
|
Pinch Hitting: RHB Tetsuro Sato
|
0-0: Fly out, F8 (Flyball, 8RS, EV 86.9 MPH)
|
Top of the 9th over - 2 runs, 3 hits, 0 errors, 1 left on base; Rome 5 - West Virginia 12 |
|